 Dungeon Crawl Stone Soup version 0.30.0-29-ga12c61a403 (webtiles) character file.

Game seed: 5523879517058369701

2272076 MothFluffs the Conqueror (level 27, 300/300 HPs)
             Began as a Minotaur Fighter on May 10, 2023.
             Was the Champion of Nemelex Xobeh.
             Escaped with the Orb
             ... and 4 runes on June 11, 2023!
             The game lasted 05:45:24 (73447 turns).

MothFluffs the Conqueror (Minotaur Fighter)        Turns: 73447, Time: 05:45:24

Health: 300/300    AC: 36    Str: 30    XL:     27
Magic:  36/36      EV: 35    Int:  6    God:    Nemelex Xobeh [******]
Gold:   7189       SH: 35    Dex: 30    Spells: 24/32 levels left

rFire   + . .        l - +9 broad axe (venom)
rCold   + + .        y - +7 tower shield {rC+}
rNeg    + + .        N - +6 storm dragon scales
rPois   +            (helmet unavailable)
rElec   +            O - +2 cloak {Stlth+}
rCorr   .            f - +1 pair of gloves of Vialyih {rC+ rN+ Str+6}
SInv    .            B - +3 pair of boots "Zava" {rPois Str-2 Dex+5 Stlth+}
Will    +++++        c - amulet of the Four Winds {rN+ Will+++ Clar}
Stlth   +            Y - ring of Creativity {EV+5 Int+5}
HPRegen 0.70/turn    L - ring of Contentment {rPois rF+ Will+ Slay+2 Stlth+}
MPRegen 0.25/turn

%: clarity
@: no status effects
A: horns 3, retaliatory headbutt, agile 2, berserk 1, dopey 1, robust 1,
screaming 1, devolution 1
0: Orb of Zot
}: 4/15 runes: barnacled, silver, abyssal, gossamer
a: Renounce Religion, Draw Escape, Draw Destruction, Draw Summoning, Triple
Draw, Deal Four, Stack Five


You escaped.
You worshipped Nemelex Xobeh.
Nemelex Xobeh was exalted by your worship.
You visited 10 branches of the dungeon, and saw 49 of its levels.
You visited the Abyss 3 times.
You visited 1 bazaar.
You also visited: Bailey, Ice Cave and Wizlab.

You collected 9812 gold pieces.
You spent 2623 gold pieces at shops.

Inventory:

Hand Weapons
 l - a +9 broad axe of venom (weapon)
Missiles
 e - 7 boomerangs of dispersal (quivered)
 U - a throwing net
Armour
 a - the +2 hat "Pimi" {rN+ Str+2 SInv}
   (You acquired it on level 9 of the Dungeon)

   Str:       It affects your strength (+2).
   rN:        It protects you from negative energy.
   SInv:      It lets you see invisible.
 f - the +1 pair of gloves of Vialyih (worn) {rC+ rN+ Str+6}
   (You acquired it on level 5 of the Vaults)

   Str:       It affects your strength (+6).
   rC:        It protects you from cold.
   rN:        It protects you from negative energy.
 y - a +7 tower shield of cold resistance (worn)
 B - the +3 pair of boots "Zava" (worn) {rPois Str-2 Dex+5 Stlth+}
   (You found it on level 3 of the Crypt)

   Str:       It affects your strength (-2).
   Dex:       It affects your dexterity (+5).
   rPois:     It protects you from poison.
   Stlth:     It makes you more stealthy.
 N - +6 storm dragon scales (worn)
 O - a +2 cloak of stealth (worn)
Jewellery
 c - the amulet of the Four Winds (around neck) {rN+ Will+++ Clar}
   (You bought it in a shop on level 6 of the Dungeon)

   [amulet of nothing]

   rN:        It protects you from negative energy.
   Clar:      It protects you from confusion, rage, mesmerisation and fear.
   Will:      It greatly increases your willpower.
 p - an amulet of regeneration
 H - the ring of Equilibrium {rElec AC+4}
   (You found it on level 3 of the Realm of Zot)

   [ring of protection]

   AC:        It affects your AC (+4).
   rElec:     It insulates you from electricity.
 L - the ring of Contentment (right hand) {rPois rF+ Will+ Slay+2 Stlth+}
   (You found it on level 3 of the Vaults)

   [ring of protection from fire]

   Slay:      It affects your accuracy & damage with ranged weapons and melee
   (+2).
   rF:        It protects you from fire.
   rPois:     It protects you from poison.
   Will:      It increases your willpower.
   Stlth:     It makes you more stealthy.
 S - a ring of wizardry
 Y - the ring of Creativity (left hand) {EV+5 Int+5}
   (You bought it in a shop in a bazaar)

   [ring of evasion]

   EV:        It affects your evasion (+5).
   Int:       It affects your intelligence (+5).
Wands
 q - a wand of roots (56)
 s - a wand of polymorph (21)
 u - a wand of quicksilver (18)
 C - a wand of flame (106)
 D - a wand of charming (51)
 I - a wand of digging (23)
 R - a wand of mindburst (30)
Scrolls
 g - a scroll of brand weapon
 n - 3 scrolls of enchant weapon
 o - 2 scrolls of butterflies
 r - 3 scrolls of poison
 v - 5 scrolls of magic mapping
 w - 19 scrolls of teleportation
 z - 5 scrolls of fog
 G - 6 scrolls of blinking
 J - 4 scrolls of silence
 K - 11 scrolls of fear
 P - 5 scrolls of immolation
Potions
 d - 5 potions of might
 h - 12 potions of flight
 i - 18 potions of curing
 j - 10 potions of heal wounds
 k - 2 potions of invisibility
 m - 16 potions of attraction
 t - 11 potions of mutation
 x - 15 potions of ambrosia
 A - 4 potions of brilliance
 E - 3 potions of berserk rage
 F - 4 potions of haste
 V - 6 potions of cancellation
 W - 7 potions of resistance
Miscellaneous
 b - a phial of floods
 Z - a box of beasts


   Skills:
 O Level 27 Fighting
 + Level 24.4 Axes
 - Level 20.0 Armour
 + Level 22.1 Dodging
 + Level 24.3 Shields
 - Level 3.0 Spellcasting
 - Level 1.0 Conjurations
 - Level 12.0 Translocations
 - Level 20.4 Invocations
 - Level 5.0 Evocations


You had 24 spell levels left.
You knew the following spells:

 Your Spells              Type           Power      Damage    Failure   Level
a - Manifold Assault      Tloc           15%        N/A       9%          4
b - Blink                 Tloc           30%        N/A       1%          2
c - Momentum Strike       Conj/Tloc      16%        3d8       12%         2

Your spell library contained the following spells:

 Spells                   Type           Power      Damage    Failure   Level
 Lesser Beckoning         Tloc           30%        N/A       1%          2
 Gell's Gravitas          Tloc           15%        N/A       2%          3
 Teleport Other           Tloc           15%        N/A       2%          3
 Portal Projectile        Hex/Tloc       16%        N/A       28%         3
 Kiss of Death            Conj/Necr      4%         2d5       67%         1
 Beastly Appendage        Tmut           0%         N/A       75%         1
 Sandblast                Erth           0%         2d4       75%         1
 Sting                    Tmut/Pois      0%         1d3       75%         1
 Summon Small Mammal      Summ           0%         N/A       75%         1
 Static Discharge         Conj/Air       2%         2-3/arc   80%         2
 Cigotuvi's Dreadful Rot  Necr/Pois/Air  0%         N/A       86%         2
 Ensorcelled Hibernation  Hex/Ice        0%         N/A       86%         2
 Passwall                 Tmut/Erth      0%         N/A       86%         2
 Poisonous Vapours        Pois/Air       0%         N/A       86%         2
 Scorch                   Fire           0%         2d5       86%         2
 Wereblood                Tmut           0%         N/A       86%         2
 Stone Arrow              Conj/Erth      2%         3d7       95%         3
 Summon Forest            Summ/Tloc      4%         N/A       95%         5
 Ignite Poison            Fire/Tmut/Pois 0%         N/A       98%         3
 Spider Form              Tmut/Pois      0%         N/A       98%         3
 Swiftness                Air            0%         N/A       98%         3
 Tukima's Dance           Hex            0%         N/A       98%         3
 Vampiric Draining        Necr           0%         2d6       98%         3
 Airstrike                Air            0%         2d(0-16)  100%        4
 Animate Armour           Summ/Erth      0%         N/A       100%        4
 Dispel Undead            Necr           0%         3d6       100%        4
 Flame Wave               Conj/Fire      1%         2d4       100%        4
 Olgreb's Toxic Radiance  Pois           0%         N/A       100%        4
 Petrify                  Tmut/Erth      0%         N/A       100%        4
 Sticky Flame             Conj/Fire      1%         2d3       100%        4
 Summon Lightning Spire   Summ/Air       0%         N/A       100%        4
 Alistair's Intoxication  Tmut/Pois      0%         N/A       100%        5
 Blade Hands              Tmut           0%         N/A       100%        5
 Borgnjor's Vile Clutch   Necr/Erth      0%         N/A       100%        5
 Freezing Cloud           Conj/Ice/Air   0%         6-21      100%        5
 Iskenderun's Battlesphe  Conj           2%         2d6       100%        5
 Metabolic Englaciation   Hex/Ice        0%         N/A       100%        5
 Summon Mana Viper        Hex/Summ       0%         N/A       100%        5
 Conjure Ball Lightning   Conj/Air       0%         3x3d6     100%        6
 Death Channel            Necr           0%         N/A       100%        6
 Eringya's Noxious Bog    Tmut/Pois      0%         N/A       100%        6
 Iron Shot                Conj/Erth      0%         9d1       100%        6
 Simulacrum               Ice/Necr       0%         N/A       100%        6
 Statue Form              Tmut/Erth      0%         N/A       100%        6
 Summon Cactus Giant      Summ           0%         N/A       100%        6
 Malign Gateway           Summ/Tloc      4%         N/A       100%        7
 Spellforged Servitor     Conj/Summ      0%         N/A       100%        7
 Storm Form               Tmut/Air       0%         N/A       100%        7
 Summon Hydra             Summ           0%         N/A       100%        7
 Discord                  Hex            0%         N/A       100%        8
 Disjunction              Tloc           7%         N/A       100%        8
 Ignition                 Fire           0%         3d3       100%        8
 Infestation              Necr           0%         N/A       100%        8
 Lehudib's Crystal Spear  Conj/Erth      0%         10d2      100%        8
 Maxwell's Capacitive Co  Air            0%         ∞         100%        8
 Necromutation            Tmut/Necr      0%         N/A       100%        8
 Summon Horrible Things   Summ           0%         N/A       100%        8
 Chain Lightning          Conj/Air       0%         2d1       100%        9
 Fire Storm               Conj/Fire      0%         6d1       100%        9
 Polar Vortex             Ice            0%         N/A       100%        9
 Shatter                  Erth           0%         3d5*      100%        9


Dungeon Overview and Level Annotations

Branches:
Dungeon (15/15)            Temple (0/1) D:7            Lair (5/5) D:8
 Shoals (4/4) Lair:2       Spider (4/4) Lair:3        Slime (0/5) Lair:4
    Orc (2/2) D:9             Elf (2/3) Orc:2        Vaults (5/5) D:14
  Crypt (3/3) Vaults:2       Tomb (0/3) Crypt:3      Depths (4/4) D:15
    Zot (5/5) Depths:4     Bailey (visited)           IceCv (visited)
 WizLab (visited)

Altars:
Ashenzari
Cheibriados
Dithmenos
Elyvilon
Gozag
Kikubaaqudgha
Nemelex Xobeh
Qazlal
Ru
Sif Muna
Trog
Vehumet
Wu Jian
Xom
Yredelemnul
The Shining One
Jiyva

Shops:
D:6 =   D:7 =   D:9 [   D:14 ?   Orc:2 :([(   Shoals:4 (   Vaults:1 ?
Vaults:3 (   Vaults:5 *   Zot:1 *   Zot:2 *

Portals:
Hell: Depths:1 Depths:2 Depths:3 Depths:4
Abyss: Depths:1 Depths:3
Pandemonium: Depths:1 Depths:2
Ziggurat: Depths:4

Annotations:
D:15 3 runed translucent doors, exclusion: obsidian statue, MuffinSoup's ghost, journeyman OpHW
Shoals:1 1 runed translucent door, wingedge's ghost, journeyman DgWn
Shoals:2 exclusion: oklob plant
Shoals:4 2 runed translucent doors, TrollFarmer's ghost, adept GrEE
Elf:2 3 runed translucent doors


Innate Abilities, Weirdness & Mutations

You have a pair of large horns on your head.
You reflexively headbutt those who attack you in melee.
You are very agile. (Dex +8, Str/Int -2)
You sometimes lose your temper in combat.
You are dopey. (Int -2)
You are robust. (+10% HP)
You occasionally shout uncontrollably at your foes.
You have hidden genetic defects.


Message History

(V) Vaults (C) Crypt (W) Tomb (U) Depths (H) Hell (Z) Zot
Where to? (Enter - D:1, ? - help)
Okay, then.
There is a stone staircase leading down here.
An efreet comes into view.
It is wielding a +4 scimitar of flaming.
You slash the efreet!
The efreet is moderately wounded.
You hit the efreet. Your headbutt misses the efreet.
The efreet is heavily wounded.
You open the efreet like a pillowcase!!!
You kill the efreet!
You see here a +4 scimitar of flaming.
(D) Dungeon (T) Temple (L) Lair (A) Shoals (N) Spider Nest (M) Slime Pits (O) Orcish Mines (E) Elven Halls (V) Vaults (C) Crypt (W) Tomb (U) Depths (H) Hell (Z) Zot
Where to? (Enter - D:1 @ (x,y), ? - help)
An Executioner comes into view.
The Executioner gives a hideous shriek!
The Executioner gestures.
The Executioner seems to speed up.
You slice the Executioner!!
The Executioner is moderately wounded.
You block the Executioner's attack. x2
The Executioner hits you but does no damage.
The Executioner hits you! You block the Executioner's attack. x2
You slash the Executioner!
The Executioner is heavily wounded.
You block the Executioner's attack. The Executioner completely misses you.
You block the Executioner's attack.
The Executioner completely misses you. x2
The Executioner misses you.
You open the Executioner like a pillowcase!!!
You kill the Executioner!
An Orb Guardian comes into view.
The Orb Guardian moves out of view.
There is an open gate here.
There is a staircase leading out of the dungeon here.
You can't go down here!
You have escaped!

♣♣..###.#.##.....
♣♣...##....##.....
♣....##....##.....
♣♣....##....######.
♣......##...# #...
♣.......##### #.##
♣.8..8..8#### #.#
♣♣........'..# #.##
♣..@.X....'..####.#.
♣♣........'.......#.
♣.8..8..8#.#######.
♣♣......##.# #.
♣.....###.# #.
♣♣...## #.#######.
♣...# #.........
♣...# #########.
♣...# ##########


You could see an Orb Guardian.

Vanquished Creatures
  A pandemonium lord (D:10)
  8 orbs of fire (Zot:5)
  2 dread liches
  Mara (Shoals:3)
  2 ancient liches
  A shard shrike (Vaults:1)
  2 Killer Klowns (Zot:5)
  Xtahua (Crypt:1)
  Frederick (Crypt:1)
  5 caustic shrikes (Depths:2)
  3 curse toes
  16 golden dragons
  4 bone dragons
  A profane servitor (Abyss:3)
  Arachne (Spider:2)
  2 electric golems
  2 walking crystal tomes
  An Ice Fiend (D:6)
  27 Orb Guardians
  16 tentacled monstrosities
  7 liches
  Mlioglotl (Spider:3)
  6 quicksilver dragons
  3 titans
  6 death cobs
  2 krakens
  6 sphinxes
  Frances (Spider:1)
  7 tentacled starspawn
  4 Executioners
  8 ancient champions
  Agnes (Vaults:1)
  Kirke (D:12)
  11 draconian monks
  21 storm dragons
  The ghost of epsilonplus the Crack Shot, an adept TeHu of Okawaru (Depths:2)
  2 revenants
  15 shadow dragons
  7 tengu reavers
  Roxanne (Spider:1)
  Donald (Orc:2)
  9 fire giants
  3 azure jellies
  4 draconian knights
  5 emperor scorpions
  2 curse skulls (Crypt:3)
  A deep elf sorcerer (Elf:1)
  24 vault wardens
  8 ghost moths
  11 frost giants
  3 iron dragons
  A balrug (Abyss:3)
  10 draconian scorchers
  Louise (Spider:4)
  A juggernaut zombie (Crypt:1)
  18 ghouls
  3 orc warlords
  An angel (Abyss:3)
  20 ironbound preservers
  2 reapers
  3 draconian stormcallers
  4 draconian annihilators
  2 broodmothers (Spider:4)
  5 draconian shifters
  A war gargoyle (Vaults:5)
  33 very ugly things
  An ophan (Abyss:2)
  12 stone giants
  5 vampire knights
  4 ironbound thunderhulks
  5 spriggan defenders
  8 green draconians
  13 black draconians
  3 lorocyprocas
  10 yellow draconians
  15 spark wasps
  A deep elf demonologist (Vaults:5)
  4 dire elephants
  2 deep elf annihilators (Elf:1)
  16 purple draconians
  11 red draconians
  7 ettins
  3 minotaurs (Zot:3)
  12 white draconians
  2 eidola
  18 starcursed masses
  7 merfolk impalers
  Snorg (D:11)
  A crystal guardian (Vaults:3)
  Josephine (D:11)
  7 jiangshi
  6 entropy weavers
  6 merfolk javelineers
  6 great orbs of eyes
  A deep elf high priest (Vaults:5)
  9 fire dragons
  4 deep elf death magi
  14 ice dragons
  A rakshasa (Depths:2)
  28 vault guards
  A fenstrider witch zombie (Crypt:1)
  16 yaktaur captains
  2 merfolk avatars (Shoals:4)
  5 spriggan air magi
  5 catoblepae
  6 merfolk aquamancers
  4 spriggan skeletons
  3 death knights
  7 alligator snapping turtles
  8 centaur warriors
  An anaconda (Shoals:4)
  2 peacekeepers
  4 ogre magi
  2 satyrs (Shoals:4)
  A radroach (Spider:2)
  22 ironbound frosthearts
  Erica (Lair:1)
  6 jorogumos (Spider:4)
  11 two-headed ogres
  9 death scarabs (Spider:4)
  9 boulder beetles
  6 deep troll shamans
  An alligator (Zot:3)
  12 dancing weapons
  6 tengu warriors
  2 hell hogs (Abyss:3)
  4 spriggan berserkers (Depths:2)
  6 vampire magi
  3 orc high priests
  8 thrashing horrors
  5 deep troll earth magi
  A soul eater (Depths:1)
  Nergalle (Lair:1)
  9 wretched stars
  11 deep elf knights
  4 sun demons
  12 hell knights
  3 iron trolls
  4 shadow wraiths
  5 sixfirhies
  6 skysharks
  10 titan skeletons
  6 pharaoh ants
  2 storm dragon skeletons (Crypt:3)
  4 glowing orange brains
  32 skeletal warriors
  A sun moth (Spider:3)
  68 deep trolls
  A goliath frog (Zot:3)
  7 sea snakes
  Pikel (D:4)
  5 orb spiders
  3 bog bodies
  4 flayed ghosts
  A spectral jorogumo (Spider:4)
  A swamp dragon (Zot:3)
  A shadow dragon zombie (Crypt:2)
  An orange crystal statue (IceCv)
  A spriggan simulacrum (Crypt:1)
  22 harpies
  17 deep elf pyromancers
  4 spectral wolf spiders (Spider:4)
  4 wizards
  9 lindwurms
  8 steelbarb worms
  16 necromancers
  A bunyip skeleton (Crypt:1)
  9 deep elf archers
  A sphinx zombie (Crypt:3)
  9 phantasmal warriors
  18 ironbound convokers
  18 deep elf zephyrmancers
  14 orc knights
  A broodmother zombie (Spider:4)
  An oklob plant (Lair:5)
  2 orc sorcerers (D:15)
  6 cyclopes
  5 draconians (Abyss:3)
  A shining eye (Vaults:1)
  2 worldbinders (Abyss:3)
  3 fauns (Shoals:2)
  A stone giant zombie (Vaults:5)
  3 rust devils
  2 elephants (shapeshifter)
  27 ugly things
  A naga zombie (Crypt:1)
  16 manticores
  11 wolf spiders
  2 will-o-the-wisps (Abyss:3)
  4 black mambas
  11 elephants
  21 moths of wrath
  7 merfolk sirens
  A dire elephant zombie (Crypt:1)
  6 smoke demons
  10 water nymphs
  2 alligator snapping turtle zombies (Crypt:1)
  5 gargoyles
  18 vault sentinels
  6 demonic crawlers
  2 iron dragon skeletons (Crypt:3)
  2 apocalypse crabs
  2 orange demons (Abyss:1)
  A dire elephant skeleton (Crypt:2)
  8 cane toads
  17 large abominations
  A grey draconian zombie (Crypt:1)
  4 centaur skeletons
  7 rime drakes
  A catoblepas zombie (Crypt:3)
  5 freezing wraiths
  3 torpor snails
  10 komodo dragons
  Maggie (D:7)
  A redback zombie (Crypt:2)
  5 spectral redbacks (Spider:4)
  2 unseen horrors
  2 kobold demonologists
  3 efreet
  5 ice devils
  5 red devils
  A tormentor (Abyss:3)
  4 tengu conjurers
  33 yaktaurs
  9 guardian mummies (Crypt:3)
  5 ancient zymes
  2 harpy zombies
  A purple draconian skeleton (Crypt:3)
  18 meliai
  11 wind drakes
  40 merfolk
  2 hellwings
  A meliai (shapeshifter) (Abyss:1)
  9 trolls
  11 hornets
  A queen bee (Spider:2)
  2 spectral jumping spiders (Spider:4)
  22 tarantellas
  A mana viper skeleton (Crypt:2)
  A guardian serpent zombie (Crypt:2)
  2 hornets (shapeshifter) (Vaults:5)
  14 polar bears
  3 spectral tarantellas (Spider:4)
  6 dream sheep
  20 blink frogs
  3 jumping spider zombies (Spider:4)
  A tarantella (shapeshifter) (Abyss:3)
  3 harpy skeletons
  A tarantella zombie (Spider:4)
  Prince Ribbit (Lair:1)
  10 raiju
  9 small abominations
  9 snapping turtles
  Sigmund (D:2)
  37 jumping spiders
  2 ettin skeletons (Crypt:3)
  A shadow (D:11)
  20 slime creatures
  2 vampires
  16 flying skulls
  23 spriggans
  A dire elephant simulacrum (Crypt:1)
  A centaur simulacrum (D:15)
  9 wraiths
  An air elemental (Elf:2)
  3 wyverns
  16 water elementals
  A black mamba skeleton (Crypt:3)
  17 culicivoras
  5 ynoxinuls
  5 hogs (D:12)
  53 yaks
  7 steam dragons
  A golden eye (Abyss:2)
  Grum (D:11)
  9 basilisks
  14 vampire mosquitoes
  50 redbacks
  2 chaos spawn
  4 neqoxecs
  2 humans (D:12)
  3 wargs
  A swamp worm (shapeshifter) (Abyss:3)
  A skyshark zombie (Crypt:3)
  A harpy simulacrum (Crypt:2)
  6 acid dragons
  Duvessa (D:7)
  4 floating eyes
  2 naga skeletons
  An ice beast (D:8)
  A floating eye (shapeshifter) (Depths:4)
  16 water moccasins
  A hell hound (Abyss:1)
  A hornet zombie (D:15)
  35 orc warriors
  A demonspawn skeleton (Crypt:3)
  6 black bears
  4 boggarts (Lair:5)
  9 ogres
  4 sky beasts
  52 wolves
  2 rime drake zombies
  7 centaurs
  3 lemures (D:4)
  An elephant skeleton (Crypt:2)
  A phantom (D:6)
  A yaktaur zombie (Crypt:1)
  4 kobold brigands
  4 scorpions
  7 bullfrogs
  8 necrophages
  A yaktaur skeleton (Crypt:3)
  A glowing shapeshifter simulacrum (Vaults:5)
  24 wights
  35 killer bees
  Dowan (D:7)
  A spriggan zombie (Crypt:1)
  A yak skeleton (Crypt:2)
  A shapeshifter skeleton (Crypt:2)
  4 wolf zombies (Bailey)
  11 vampire bats
  2 howler monkeys
  A crimson imp (D:10)
  5 quasits
  3 jellies
  A gnoll bouda (D:4)
  22 orc priests
  A hound (D:6)
  4 iguanas
  Terence (D:2)
  A basilisk skeleton (Crypt:1)
  Jessica (D:2)
  Natasha (thrice) (D:2)
  41 orc wizards
  8 hell rats
  An ogre zombie (Crypt:1)
  7 mummies (Crypt:3)
  6 gnolls
  A howler monkey skeleton (Crypt:3)
  7 river rats (Lair:4)
  7 adders
  2 shadow imps
  A white imp (Abyss:3)
  3 ufetubi
  A worm zombie (Crypt:2)
  An adder skeleton (Crypt:1)
  4 dart slugs
  119 orcs
  2 bat zombies (D:5)
  7 endoplasms
  3 giant cockroaches
  4 goblins
  3 hobgoblins
  10 jackals
  11 kobolds
  4 quokkas
  3 ball pythons (D:1)
  11 bats
  2 frilled lizards
  17 orc zombies (Bailey)
  6 rats
  2 rat zombies (D:5)
  A lurking horror (Abyss:3)
  5 starspawn tentacles (Abyss:3)
  7 tentacles
2603 creatures vanquished.

Vanquished Creatures (collateral kills)
  A fire giant (Vaults:5)
  The ghost of prawnwizard the Phalangite, a journeyman MfMo of Hepliaklqana (Orc:1)
  3 stone giants (Vaults:5)
  A merfolk impaler (Shoals:4)
  A yaktaur captain (Vaults:5)
  An alligator snapping turtle (Shoals:4)
  9 vault guards (Vaults:5)
  A merfolk aquamancer (Shoals:4)
  A soul eater (D:9)
  A harpy (Shoals:4)
  A faun (Shoals:2)
  A human zombie (Vaults:5)
  A human skeleton (Vaults:5)
  A snapping turtle (Shoals:3)
  An ogre (Vaults:5)
  2 orc priests (Orc:1)
  An orc (Orc:1)
28 creatures vanquished.

Vanquished Creatures (others)
  A tengu reaver (Vaults:5)
  2 draconian knights
  An ironbound preserver (Vaults:5)
  A yaktaur captain (Vaults:5)
  A merfolk aquamancer (Shoals:4)
  A deep elf knight (Elf:2)
  A sea snake (Shoals:2)
  A wizard (D:15)
  A harpy (Shoals:2)
  A deep elf zephyrmancer (Elf:1)
  A polar bear (IceCv)
  An acid dragon (Zot:3)
  2 lurking horrors
  11 starspawn tentacles
  12 tentacles
38 creatures vanquished.

Grand Total: 2669 creatures vanquished

Notes
Turn   | Place    | Note
-------+----------+-------------------------------------------
     0 | D:1      | MothFluffs the Minotaur Fighter began the quest for the
                  | Orb.
     0 | D:1      | Reached XP level 1. HP: 19/19 MP: 0/0
   218 | D:1      | You fall into a shaft and drop 1 floor!
   610 | D:1      | Reached XP level 2. HP: 27/27 MP: 1/1
  1205 | D:2      | Noticed Jessica
  1210 | D:2      | Killed Jessica
  1211 | D:2      | Reached skill level 4 in Fighting
  1211 | D:2      | Reached XP level 3. HP: 32/33 MP: 2/2
  1269 | D:2      | Noticed Terence
  1276 | D:2      | Killed Terence
  1277 | D:2      | Reached XP level 4. HP: 21/40 MP: 3/3
  1380 | D:2      | Noticed Natasha
  1386 | D:2      | Killed Natasha
  1456 | D:2      | Found a white marble altar of Elyvilon.
  1719 | D:2      | Noticed Natasha
  1727 | D:2      | Killed Natasha
  1789 | D:2      | Noticed Sigmund
  1796 | D:2      | Killed Sigmund
  1797 | D:2      | Reached skill level 5 in Axes
  1797 | D:2      | Reached XP level 5. HP: 28/47 MP: 4/4
  1797 | D:2      | Reached XP level 6. HP: 33/55 MP: 5/5
  2024 | D:2      | Noticed Natasha
  2029 | D:2      | Killed Natasha
  2030 | D:2      | Reached skill level 5 in Shields
  2151 | D:3      | Reached skill level 5 in Armour
  2181 | D:3      | Reached skill level 5 in Fighting
  2766 | D:4      | Noticed a sky beast
  2769 | D:4      | Killed a sky beast
  2770 | D:4      | Reached XP level 7. HP: 61/61 MP: 6/6
  3013 | D:4      | Noticed a steam dragon
  3019 | D:4      | Killed a steam dragon
  3397 | D:4      | Found a sparkling altar of Nemelex Xobeh.
  3401 | D:4      | Became a worshipper of Nemelex Xobeh the Trickster
  3475 | D:4      | Noticed Pikel
  3493 | D:4      | Killed Pikel
  3494 | D:4      | Reached skill level 6 in Fighting
  3494 | D:4      | Reached XP level 8. HP: 23/71 MP: 6/8
  3521 | D:4      | Found a snail-covered altar of Cheibriados.
  3776 | D:5      | Entered Level 5 of the Dungeon
  3938 | D:4      | Identified the +7 short sword "Demonslayer" {protect,
                  | Str+4}
  4017 | D:4      | Found an ornate altar of the Wu Jian Council.
  4389 | D:5      | Found an ancient bone altar of Kikubaaqudgha.
  4674 | D:5      | Identified the +5 short sword "Ruuzuufa" {freeze, Will+}
  4686 | D:5      | Reached * piety under Nemelex Xobeh
  4903 | D:6      | Found a broken altar of Ashenzari.
  4909 | D:6      | Reached skill level 7 in Fighting
  4935 | D:6      | Identified the +4 hand axe "Nihorgh" {drain, Fragile rF++
                  | rC+ SInv}
  4952 | D:6      | Reached XP level 9. HP: 75/79 MP: 10/10
  5229 | D:6      | Found a shadowy altar of Dithmenos.
  5232 | D:6      | Found a glowing golden altar of the Shining One.
  5234 | D:6      | Found a radiant altar of Vehumet.
  5237 | D:6      | Found a basalt altar of Yredelemnul.
  5262 | D:6      | Found Ycuicko's Jewellery Boutique.
  5335 | D:7      | Received a gift from Nemelex Xobeh
  5386 | D:7      | Reached skill level 1 in Dodging
  5389 | D:7      | Noticed Duvessa
  5402 | D:7      | Noticed Dowan
  5410 | D:7      | Killed Duvessa
  5414 | D:7      | Killed Dowan
  5634 | D:7      | Reached skill level 10 in Axes
  5862 | D:7      | Noticed Maggie
  5876 | D:7      | Killed Maggie
  5911 | D:7      | Reached ** piety under Nemelex Xobeh
  5920 | D:7      | Reached skill level 8 in Fighting
  6196 | D:7      | Found Wykop's Jewellery Shoppe.
  6198 | D:7      | Bought an amulet of regeneration for 420 gold pieces
  6367 | D:7      | Found a staircase to the Ecumenical Temple.
  6371 | D:7      | Learned a level 2 spell: Blink
  6653 | D:8      | Reached XP level 10. HP: 86/89 MP: 12/12
  6764 | D:8      | Received a gift from Nemelex Xobeh
  6764 | D:8      | Found a staircase to the Lair.
  6840 | D:8      | Reached skill level 5 in Invocations
  6882 | D:8      | Found a flagged portal.
  7000 | Bailey   | Entered a bailey
  7001 | Bailey   | Upgraded the game from 0.30.0-5-g1a98f26d00 to
                  | 0.30.0-29-ga12c61a403
  7143 | Bailey   | Noticed a gargoyle
  7160 | Bailey   | Killed a gargoyle
  7161 | Bailey   | Reached skill level 9 in Fighting
  7353 | Bailey   | Identified the +5 scale mail of Ychoter {Contam *Slow rN+++
                  | rCorr}
  7505 | D:8      | Reached skill level 5 in Dodging
  7576 | D:8      | Found a shimmering blue altar of Sif Muna.
  7628 | D:8      | Noticed a white ugly thing
  7634 | D:8      | Killed a white ugly thing
  7701 | D:8      | Noticed a deep elf pyromancer
  7711 | D:8      | Killed a deep elf pyromancer
  7742 | D:8      | Noticed a gargoyle
  7754 | D:8      | Killed a gargoyle
  7932 | D:8      | Noticed a gargoyle
  7941 | D:8      | Killed a gargoyle
  7942 | D:8      | Reached XP level 11. HP: 91/99 MP: 14/14
  8109 | D:9      | Reached *** piety under Nemelex Xobeh
  8109 | D:9      | Received a gift from Nemelex Xobeh
  8145 | D:9      | Found Meux's Antique Armour Shop.
  8193 | D:9      | Got the Verses on the Scorpion and the Lungs
  8199 | D:9      | Found a staircase to the Orcish Mines.
  8308 | D:9      | Noticed a sixfirhy
  8434 | D:9      | Reached skill level 10 in Fighting
  8445 | D:9      | Noticed a soul eater
  8664 | D:9      | Received a gift from Nemelex Xobeh
  8713 | D:9      | Killed a soul eater
  8824 | D:9      | Killed a sixfirhy
  9074 | D:10     | Entered Level 10 of the Dungeon
  9345 | D:10     | Reached **** piety under Nemelex Xobeh
  9490 | D:10     | Reached skill level 11 in Fighting
  9711 | D:10     | Found a sacrificial altar of Ru.
 10006 | D:11     | Noticed Josephine
 10016 | D:11     | Killed Josephine
 10017 | D:11     | Reached XP level 12. HP: 36/106 MP: 16/16
 10409 | D:11     | Noticed a two-headed ogre
 10550 | Lair:1   | Entered Level 1 of the Lair of Beasts
 10552 | Lair:1   | Noticed Prince Ribbit
 10561 | Lair:1   | Killed Prince Ribbit
 10699 | Lair:1   | Received a gift from Nemelex Xobeh
 10775 | Lair:1   | Noticed Erica
 10789 | Lair:1   | Killed Erica
 11137 | Lair:1   | Reached skill level 12 in Fighting
 11240 | Lair:1   | Noticed Nergalle
 11250 | Lair:1   | Killed Nergalle
 11867 | Lair:2   | Found a staircase to the Shoals.
 11877 | Lair:2   | Reached skill level 15 in Axes
 11911 | Lair:2   | Reached ***** piety under Nemelex Xobeh
 11925 | Lair:2   | Received a gift from Nemelex Xobeh
 12006 | Lair:2   | Reached skill level 10 in Armour
 12225 | Lair:2   | Reached XP level 13. HP: 93/119 MP: 19/19
 12957 | Lair:3   | Received a gift from Nemelex Xobeh
 12971 | Lair:3   | Reached skill level 13 in Fighting
 13094 | Lair:3   | Reached skill level 10 in Invocations
 13280 | Lair:3   | Received a gift from Nemelex Xobeh
 13724 | Lair:3   | Found a hole to the Spider Nest.
 14111 | Lair:4   | Found a staircase to the Slime Pits.
 14111 | Lair:4   | Found a viscous altar of Jiyva.
 14405 | Lair:4   | Received a gift from Nemelex Xobeh
 15191 | Orc:1    | Entered Level 1 of the Orcish Mines
 15375 | Orc:2    | Entered Level 2 of the Orcish Mines
 15389 | Orc:2    | Noticed Donald
 15399 | Orc:2    | Killed Donald
 15400 | Orc:2    | Reached skill level 14 in Fighting
 15409 | Orc:2    | Received a gift from Nemelex Xobeh
 15860 | D:6      | Bought the amulet of the Four Winds {rN+ Will+++ Clar} for
                  | 849 gold pieces
 15860 | D:6      | Found the amulet of the Four Winds {rN+ Will+++ Clar}
 16081 | Orc:2    | Found a staircase to the Elven Halls.
 16127 | Orc:2    | Found Jykk's Book Shoppe.
 16254 | Orc:2    | Noticed an orc warlord
 16278 | Orc:1    | Killed an orc warlord
 16279 | Orc:1    | Reached XP level 14. HP: 83/132 MP: 21/21
 16677 | Orc:2    | Received a gift from Nemelex Xobeh
 16735 | Orc:2    | Found Izahargh's Antique Armour Shoppe.
 16736 | Orc:2    | Found Xudixeigh's Antique Weapon Emporium.
 16848 | Orc:2    | Found Zyqiexkeuma's Weapon Emporium.
 17183 | Orc:1    | Received a gift from Nemelex Xobeh
 17259 | Orc:1    | Reached ****** piety under Nemelex Xobeh
 17283 | Orc:1    | Found a runed translucent gate.
 17283 | Orc:1    | Identified the +0 chain mail "Xylab" {Dex+3}
 17283 | Orc:1    | Noticed prawnwizard's ghost (journeyman MfMo)
 17284 | Orc:1    | Found a runed translucent gate.
 17285 | Orc:1    | Found a runed translucent gate.
 17680 | Orc:1    | Killed prawnwizard's ghost
 17889 | Orc:1    | Identified the +2 quarterstaff "Doematy" {antimagic, Will+
                  | Int+4}
 18039 | Shoals:1 | Entered Level 1 of the Shoals
 18039 | Shoals:1 | Noticed wingedge's ghost (journeyman DgWn)
 18039 | Shoals:1 | Found a runed translucent door.
 18039 | Shoals:1 | Found a shimmering altar of Xom.
 18396 | Shoals:1 | Received a gift from Nemelex Xobeh
 18670 | Shoals:1 | Noticed Nikola
 18747 | Shoals:1 | Nikola changed into Nikola the iron dragon
 18747 | Shoals:1 | Noticed Nikola
 18762 | Shoals:1 | Killed Nikola the iron dragon
 19500 | Shoals:1 | Noticed a kraken
 19515 | Shoals:1 | Killed a kraken
 19635 | Shoals:1 | Reached skill level 15 in Fighting
 20115 | Lair:5   | Entered Level 5 of the Lair of Beasts
 20185 | Lair:5   | Received a gift from Nemelex Xobeh
 20856 | Lair:5   | Reached XP level 15. HP: 141/141 MP: 23/23
 20914 | Lair:5   | Identified the staff of earth "Begaceph" {rN+}
 21006 | Lair:5   | Reached skill level 10 in Shields
 21944 | D:11     | Received a gift from Nemelex Xobeh
 22140 | D:11     | Noticed Grum
 22143 | D:11     | Killed Grum
 22161 | D:11     | Noticed Snorg
 22171 | D:11     | Killed Snorg
 22785 | D:12     | Received a gift from Nemelex Xobeh
 22889 | D:12     | Identified the +5 ring mail of Moexkely {rF+ rCorr}
 23004 | D:12     | Noticed Kirke
 23015 | D:12     | Killed Kirke
 23208 | D:12     | Found the dreamshard necklace {*Dream Drain}
 23337 | D:13     | Received a gift from Nemelex Xobeh
 23605 | D:13     | Received a gift from Nemelex Xobeh
 24036 | D:14     | Found a stormy altar of Qazlal.
 24066 | D:14     | Reached skill level 16 in Fighting
 24219 | D:14     | Received a gift from Nemelex Xobeh
 24361 | D:14     | Found Iros's Magic Scroll Emporium.
 24371 | D:14     | Bought a scroll of enchant armour for 105 gold pieces
 24371 | D:14     | Bought a scroll of enchant weapon for 105 gold pieces
 24387 | D:14     | Found a gate to the Vaults.
 24507 | D:14     | Bought a scroll of identify for 28 gold pieces
 24507 | D:14     | Bought a scroll of identify for 28 gold pieces
 24507 | D:14     | Bought a scroll of poison for 56 gold pieces
 24507 | D:14     | Bought a scroll of identify for 28 gold pieces
 24696 | D:15     | Entered Level 15 of the Dungeon
 24851 | D:15     | Found a runed translucent gate.
 24851 | D:15     | Found a runed translucent gate.
 24851 | D:15     | Found a runed translucent gate.
 24852 | D:15     | Found an opulent altar of Gozag.
 24853 | D:15     | Noticed MuffinSoup's ghost (journeyman OpHW)
 25266 | D:15     | Received a gift from Nemelex Xobeh
 25755 | D:15     | Found a staircase to the Depths.
 26584 | Shoals:2 | Reached XP level 16. HP: 112/152 MP: 24/24
 26888 | Shoals:2 | Reached skill level 15 in Armour
 27012 | Shoals:2 | Noticed a kraken
 27021 | Shoals:2 | Killed a kraken
 27593 | Shoals:2 | Received a gift from Nemelex Xobeh
 27778 | Shoals:3 | Noticed Mara
 27994 | Shoals:3 | Reached skill level 17 in Fighting
 28074 | Shoals:3 | Identified the +5 executioner's axe "Ebrot" {holy, rF+ rN+
                  | Str+2 Dex-4}
 28165 | Shoals:3 | Noticed MothFluffs's illusion
 28485 | Spider:1 | Entered Level 1 of the Spider Nest
 28809 | D:9      | Bought a twisted chain mail for 256 gold pieces
 28809 | D:9      | Identified the +0 chain mail of the Thistle {Regen+ rCorr}
                  | (You bought it in a shop on level 9 of the Dungeon)
 28964 | D:9      | Identified a scroll of acquirement
 28998 | D:9      | Acquired the +2 hat "Pimi" {rN+ Str+2 SInv}
 29214 | Depths:1 | Entered Level 1 of the Depths
 29778 | Shoals:3 | Killed Mara
 30271 | Shoals:3 | Received a gift from Nemelex Xobeh
 30825 | Shoals:4 | Entered Level 4 of the Shoals
 31254 | Shoals:4 | Received a gift from Nemelex Xobeh
 31468 | Shoals:4 | Found a large runed translucent door.
 31468 | Shoals:4 | Found a large runed translucent door.
 31471 | Shoals:4 | Noticed TrollFarmer's ghost (adept GrEE)
 31476 | Shoals:4 | Identified the +8 lajatang of Xom's Esteem {freeze, Will+
                  | Int+3}
 32510 | Shoals:4 | Reached XP level 17. HP: 144/163 MP: 26/26
 32829 | Shoals:4 | Found Ruvvoo's Antique Weapon Emporium.
 32982 | Shoals:4 | Identified the -1 quarterstaff of Lahaz {flame, rPois MP+9}
 32992 | Shoals:4 | Reached skill level 18 in Fighting
 33481 | Shoals:4 | Got a barnacled rune of Zot
 33961 | Vaults:1 | Entered Level 1 of the Vaults
 34298 | Vaults:1 | Received a gift from Nemelex Xobeh
 34357 | Vaults:1 | Noticed Sojobo
 34359 | Vaults:1 | Noticed Agnes
 34382 | Vaults:1 | Paralysed by an air elemental for 1 turns
 34385 | Vaults:1 | Sojobo changed into Sojobo the shard shrike
 34385 | Vaults:1 | Noticed Sojobo
 34473 | Vaults:1 | Killed Agnes
 35061 | Spider:1 | Noticed Roxanne
 35106 | Spider:1 | Noticed Frances
 35123 | Spider:1 | Killed Frances
 35340 | Spider:1 | Killed Roxanne
 35402 | Spider:1 | Reached skill level 10 in Dodging
 35655 | Spider:1 | Reached skill level 15 in Shields
 35655 | Spider:1 | Reached skill level 15 in Invocations
 35877 | Spider:1 | Reached skill level 1 in Evocations
 36104 | Spider:2 | Received a gift from Nemelex Xobeh
 36238 | Spider:2 | Noticed Arachne
 36255 | Spider:2 | Killed Arachne
 37258 | Spider:2 | Received a gift from Nemelex Xobeh
 37414 | Spider:3 | Found a frozen archway.
 37647 | IceCv    | Entered an ice cave
 37713 | IceCv    | Reached XP level 18. HP: 173/173 MP: 28/28
 38536 | IceCv    | Reached skill level 19 in Fighting
 39107 | Spider:3 | Noticed Mlioglotl
 39124 | Spider:3 | Killed Mlioglotl
 39731 | Spider:3 | Received a gift from Nemelex Xobeh
 39902 | Spider:4 | Entered Level 4 of the Spider Nest
 40261 | Spider:4 | Identified the +2 buckler "Turucky" {rPois Regen+}
 40435 | Spider:4 | Identified the +0 tower shield "Voplinau" {rF+}
 40435 | Spider:4 | Noticed Louise
 40456 | Spider:4 | Killed Louise
 40514 | Spider:4 | Reached skill level 5 in Evocations
 40891 | Spider:4 | Received a gift from Nemelex Xobeh
 41201 | Spider:4 | Reached XP level 19. HP: 184/184 MP: 21/30
 41230 | Spider:4 | Got a gossamer rune of Zot
 41811 | Vaults:1 | Identified the +0 hand axe of Laceration {flame, *Rage
                  | Will+++ SInv}
 41825 | Vaults:1 | Killed Sojobo the shard shrike
 42226 | Vaults:1 | Received a gift from Nemelex Xobeh
 42423 | Vaults:1 | Found Ixahey's Magic Scroll Boutique.
 42431 | Vaults:1 | Bought a scroll of enchant armour for 142 gold pieces
 42431 | Vaults:1 | Bought a scroll of enchant armour for 142 gold pieces
 42846 | Vaults:2 | Reached skill level 20 in Fighting
 42915 | Vaults:2 | Found a magical portal.
 42924 | WizLab   | Entered Doroklohe's Tomb
 43040 | WizLab   | Received a gift from Nemelex Xobeh
 43111 | WizLab   | Found the +2 pair of slick slippers {slick, slippery, EV+4}
 43665 | Vaults:2 | Found a staircase to the Crypt.
 45452 | Vaults:3 | Reached XP level 20. HP: 179/195 MP: 31/31
 45517 | Vaults:3 | Found Surheus's Weapon Boutique.
 45550 | Vaults:3 | Received a gift from Nemelex Xobeh
 46019 | Vaults:3 | Received a gift from Nemelex Xobeh
 46257 | Vaults:3 | Identified the ring of Contentment {rPois rF+ Will+ Slay+2
                  | Stlth+}
 46403 | Vaults:3 | Reached skill level 21 in Fighting
 46442 | Vaults:3 | You fall into a shaft and drop 1 floor!
 46864 | Vaults:4 | Received a gift from Nemelex Xobeh
 47193 | Vaults:4 | Received a gift from Nemelex Xobeh
 48440 | Depths:1 | Found a gateway to Hell.
 48747 | Depths:1 | Received a gift from Nemelex Xobeh
 48747 | Depths:1 | Found a one-way gate leading to the halls of Pandemonium.
 48930 | Depths:1 | Reached XP level 21. HP: 205/205 MP: 32/32
 48993 | Depths:1 | Received a gift from Nemelex Xobeh
 49041 | Depths:1 | Found a one-way gate to the infinite horrors of the Abyss.
 49124 | Depths:2 | Paralysed by a floating eye for 3 turns
 49146 | Depths:2 | Received a gift from Nemelex Xobeh
 49154 | Depths:2 | Found a flickering gateway to a bazaar.
 49158 | Bazaar   | Entered a bazaar
 49158 | Bazaar   | Found Jeusiwn's Magic Scroll Shoppe.
 49158 | Bazaar   | Found Zeg Socs's General Store.
 49164 | Bazaar   | Bought a scroll of magic mapping for 82 gold pieces
 49164 | Bazaar   | Bought a scroll of enchant armour for 82 gold pieces
 49173 | Bazaar   | Bought a scroll of blinking for 135 gold pieces
 49181 | Bazaar   | Found Zafawoge's Assorted Antiques.
 49189 | Bazaar   | Bought a heavily runed granite ring for 165 gold pieces
 49189 | Bazaar   | Identified the ring of Creativity {EV+5 Int+5} (You bought
                  | it in a shop in a bazaar)
 49198 | Bazaar   | Found Ajaug's Weapon Emporium.
 49216 | Bazaar   | Found Olegoaw's Weapon Shop.
 49305 | Depths:2 | Noticed a caustic shrike
 49385 | Depths:2 | Reached skill level 15 in Dodging
 49560 | Depths:2 | Noticed a golden dragon
 49564 | Depths:2 | Paralysed by a floating eye for 2 turns
 49577 | Depths:2 | Killed a golden dragon
 49656 | Depths:2 | Killed a caustic shrike
 49784 | Depths:2 | Received a gift from Nemelex Xobeh
 49945 | Depths:2 | Found a bloodstained altar of Trog.
 50113 | Depths:2 | Received a gift from Nemelex Xobeh
 50386 | Depths:2 | Found a large runed translucent door.
 50387 | Depths:2 | Found a large runed translucent door.
 50390 | Depths:2 | Noticed epsilonplus's ghost (adept TeHu)
 50619 | Depths:2 | Killed epsilonplus's ghost
 50692 | Depths:3 | Noticed a caustic shrike
 50694 | Depths:3 | Noticed a caustic shrike
 50697 | Depths:3 | Reached skill level 22 in Fighting
 50699 | Depths:3 | Noticed a caustic shrike
 50700 | Depths:3 | Noticed a caustic shrike
 50707 | Depths:2 | Killed a caustic shrike
 50708 | Depths:2 | Killed a caustic shrike
 50713 | Depths:2 | Killed a caustic shrike
 50906 | Depths:2 | Killed a caustic shrike
 50930 | Depths:3 | Noticed a golden dragon
 51028 | Depths:3 | Noticed a golden dragon
 51033 | Depths:3 | Killed a golden dragon
 51192 | Depths:3 | Noticed a golden dragon
 51192 | Depths:3 | Paralysed by a floating eye for 3 turns
 51635 | Depths:2 | Killed a golden dragon
 51660 | Depths:3 | Identified the +1 robe of Jusegan {Harm rElec rF+}
 51681 | Depths:3 | Noticed a golden dragon
 52054 | Depths:3 | Reached XP level 22. HP: 168/217 MP: 34/34
 52174 | Depths:2 | Killed a golden dragon
 52274 | Depths:2 | Killed a golden dragon
 52946 | Depths:3 | Identified the +1 pair of gloves of Servitude {Fly}
 52970 | Depths:3 | Identified the staff of poison "Kiek" {rPois rF+ Will-
                  | Str+6}
 52971 | Depths:3 | Identified the +6 dire flail "Syssuza" {heavy, *Rage Str+3
                  | Int+2}
 52973 | Depths:3 | Received a gift from Nemelex Xobeh
 53448 | Depths:3 | Voluntarily entered the Abyss.
 53457 | Abyss:1  | Found a corrupted altar of Lugonu.
 53464 | Abyss:1  | Found a corrupted altar of Lugonu.
 53483 | Abyss:1  | Received a gift from Nemelex Xobeh
 53661 | Abyss:1  | Found a corrupted altar of Lugonu.
 53691 | Abyss:1  | Received a gift from Nemelex Xobeh
 53754 | Abyss:2  | Found a corrupted altar of Lugonu.
 53759 | Abyss:2  | Found a corrupted altar of Lugonu.
 53844 | Abyss:2  | Received a gift from Nemelex Xobeh
 53958 | Abyss:2  | Received a gift from Nemelex Xobeh
 53965 | Abyss:2  | Found a corrupted altar of Lugonu.
 53971 | Abyss:2  | Found a corrupted altar of Lugonu.
 54053 | Abyss:3  | Found a corrupted altar of Lugonu.
 54119 | Abyss:3  | Found a corrupted altar of Lugonu.
 54119 | Abyss:3  | Found a transporter.
 54197 | Abyss:3  | Found a transporter.
 54202 | Abyss:3  | Got an abyssal rune of Zot
 54223 | Depths:3 | Escaped the Abyss
 54469 | Depths:4 | Entered Level 4 of the Depths
 54498 | Depths:4 | Received a gift from Nemelex Xobeh
 54528 | Depths:4 | Found a one-way gateway to a ziggurat.
 54575 | Depths:4 | Reached skill level 23 in Fighting
 54715 | Depths:4 | Identified the +0 robe "Imee" {Fly Int+5}
 54744 | Depths:4 | Paralysed by a floating eye for 3 turns
 55567 | Depths:4 | Received a gift from Nemelex Xobeh
 55676 | Depths:4 | Noticed a golden dragon
 55694 | Depths:4 | Killed a golden dragon
 55708 | Depths:4 | Found a gate to the Realm of Zot.
 56128 | Zot:1    | Entered Level 1 of the Realm of Zot
 56226 | Zot:1    | Noticed a curse toe
 56253 | Zot:1    | Killed a curse toe
 56758 | Crypt:1  | Entered Level 1 of the Crypt
 56842 | Crypt:1  | Reached XP level 23. HP: 225/227 MP: 35/35
 56848 | Crypt:1  | Noticed Xtahua
 56864 | Crypt:1  | Killed Xtahua
 57320 | Crypt:1  | Noticed Frederick
 57335 | Crypt:1  | Killed Frederick
 57509 | Crypt:1  | Received a gift from Nemelex Xobeh
 58443 | Crypt:3  | Entered Level 3 of the Crypt
 58545 | Crypt:3  | Received a gift from Nemelex Xobeh
 58713 | Crypt:3  | Identified the +3 pair of boots "Zava" {rPois Str-2 Dex+5
                  | Stlth+}
 58938 | Crypt:3  | Got the Folio of the Turtle
 59045 | Crypt:3  | Reached skill level 24 in Fighting
 59208 | Crypt:3  | Noticed a dread lich
 59219 | Crypt:3  | Killed a dread lich
 59227 | Crypt:3  | Found the +9 sword of Zonguldrok {reap}
 60147 | Crypt:3  | Identified the +12 rapier "Okaacupp" {antimagic, *Corrode
                  | rPois rN+}
 60147 | Crypt:3  | Identified the +0 steam dragon scales "Aqiyzurph" {rElec
                  | rN+ Dex+2}
 60188 | Crypt:3  | Received a gift from Nemelex Xobeh
 60326 | Crypt:3  | Identified the +3 shortbow "Yfieboq" {flame, rCorr Int+3}
 60870 | Crypt:3  | Found a staircase to the Tomb.
 60984 | Crypt:3  | Learned a level 2 spell: Momentum Strike
 61318 | Elf:1    | Entered Level 1 of the Elven Halls
 61430 | Elf:1    | Reached XP level 24. HP: 235/236 MP: 36/36
 61449 | Elf:1    | Reached skill level 1 in Conjurations
 61449 | Elf:1    | Reached skill level 1 in Translocations
 61460 | Elf:1    | Got the Secrets of the Morgue
 61466 | Elf:1    | Learned a level 4 spell: Manifold Assault
 61856 | Elf:1    | Received a gift from Nemelex Xobeh
 62492 | Elf:2    | Paralysed by an air elemental for 1 turns
 62499 | Elf:2    | Paralysed by an air elemental for 1 turns
 62610 | Elf:2    | Identified the +5 scimitar "Kekevuc" {pain, Contam rPois
                  | rN++ Int+2}
 62879 | Elf:2    | Received a gift from Nemelex Xobeh
 62905 | Elf:2    | Found a runed translucent gate.
 62905 | Elf:2    | Found a runed translucent gate.
 62905 | Elf:2    | Found a runed translucent gate.
 63478 | Depths:3 | Voluntarily entered the Abyss.
 63506 | Abyss:3  | Found a corrupted altar of Lugonu.
 63521 | Abyss:3  | Found a corrupted altar of Lugonu.
 63522 | Abyss:3  | Found a corrupted altar of Lugonu.
 63576 | Abyss:3  | Found a corrupted altar of Lugonu.
 63586 | Abyss:3  | Found a corrupted altar of Lugonu.
 63761 | Abyss:3  | Received a gift from Nemelex Xobeh
 63837 | Abyss:3  | Gained mutation: Potions are less effective at restoring
                  | your health. [a neqoxec]
 63838 | Abyss:3  | Gained mutation: Your magical capacity is extremely low.
                  | (-30% MP) [a neqoxec]
 63934 | Depths:3 | Escaped the Abyss
 64177 | Depths:3 | Voluntarily entered the Abyss.
 64270 | Abyss:3  | Received a gift from Nemelex Xobeh
 64339 | Abyss:3  | Found a corrupted altar of Lugonu.
 64406 | Abyss:3  | Reached skill level 5 in Translocations
 64437 | Depths:3 | Escaped the Abyss
 64440 | Depths:3 | Lost mutation: Potions are less effective at restoring your
                  | health. [potion of mutation]
 64440 | Depths:3 | Lost mutation: Your magical capacity is low. (-10% MP)
                  | [potion of mutation]
 64440 | Depths:3 | Gained mutation: Your body sometimes deteriorates upon
                  | taking damage. [potion of mutation]
 64440 | Depths:3 | Gained mutation: You are partially covered in large bone
                  | plates. (SH +4) [potion of mutation]
 64440 | Depths:3 | Gained mutation: Your spells are a little easier to cast,
                  | but a little less powerful. [potion of mutation]
 64440 | Depths:3 | Gained mutation: Your mind is acute. (Int +4, Str/Dex -1)
                  | [potion of mutation]
 64441 | Depths:3 | Lost mutation: You are partially covered in large bone
                  | plates. (SH +4) [potion of mutation]
 64441 | Depths:3 | Lost mutation: Your spells are a little easier to cast, but
                  | a little less powerful. [potion of mutation]
 64441 | Depths:3 | Gained mutation: Potions are less effective at restoring
                  | your health. [potion of mutation]
 64441 | Depths:3 | Gained mutation: You possess an exceptional clarity of
                  | mind. [potion of mutation]
 64442 | Depths:3 | Lost mutation: Potions are less effective at restoring your
                  | health. [potion of mutation]
 64442 | Depths:3 | Lost mutation: Your mind is acute. (Int +4, Str/Dex -1)
                  | [potion of mutation]
 64442 | Depths:3 | Gained mutation: You are agile. (Dex +4, Str/Int -1)
                  | [potion of mutation]
 64442 | Depths:3 | Gained mutation: You are frail. (-10% HP) [potion of
                  | mutation]
 64442 | Depths:3 | Gained mutation: You are strong-willed. (Will+) [potion of
                  | mutation]
 64442 | Depths:3 | Gained mutation: You have sharp toenails. [potion of
                  | mutation]
 64443 | Depths:3 | Lost mutation: You have sharp toenails. [potion of
                  | mutation]
 64443 | Depths:3 | Lost mutation: Your body sometimes deteriorates upon taking
                  | damage. [potion of mutation]
 64443 | Depths:3 | Lost mutation: You are frail. (-10% HP) [potion of
                  | mutation]
 64443 | Depths:3 | Lost mutation: You are agile. (Dex +4, Str/Int -1) [potion
                  | of mutation]
 64443 | Depths:3 | Gained mutation: You are agile. (Dex +4, Str/Int -1)
                  | [potion of mutation]
 64443 | Depths:3 | Gained mutation: You have sharp toenails. [potion of
                  | mutation]
 64712 | Vaults:5 | Entered Level 5 of the Vaults
 64739 | Vaults:5 | Reached skill level 25 in Fighting
 65108 | Vaults:5 | Found the +6 lightning scales {swift, rElec}
 65154 | Vaults:5 | Noticed an ancient lich
 65166 | Vaults:5 | Killed an ancient lich
 65211 | Vaults:5 | Reached XP level 25. HP: 199/250 MP: 36/36
 65251 | Vaults:5 | Acquired the +1 pair of gloves of Vialyih {rC+ rN+ Str+6}
 65367 | Vaults:5 | Received a gift from Nemelex Xobeh
 65517 | Vaults:5 | Found Hatudat's General Store.
 65604 | Vaults:5 | Identified the +5 chain mail of Gluttony {MP+9 Str+5 Int+2}
 65645 | Vaults:5 | Identified the +7 dagger "Dragonslayer" {protect, Stlth+}
 65700 | Vaults:5 | Identified the +9 plate armour "Ydoum" {+Inv}
 65856 | Vaults:5 | Identified the staff of fire "Huxud" {rF+ rCorr}
 66094 | Vaults:5 | Received a gift from Nemelex Xobeh
 66188 | Vaults:5 | Got a silver rune of Zot
 66417 | Vaults:5 | Got the Atlas of Accompaniment
 66948 | Zot:1    | Received a gift from Nemelex Xobeh
 67214 | Zot:1    | Received a gift from Nemelex Xobeh
 67348 | Zot:1    | Found Ucoluxie's Changing Room.
 67605 | Zot:1    | Received a gift from Nemelex Xobeh
 68066 | Zot:2    | Reached skill level 1 in Spellcasting
 68266 | Zot:2    | Found Cax Nety's CLEARANCE SALE!.
 68332 | Zot:2    | Received a gift from Nemelex Xobeh
 68665 | Zot:2    | Identified the +4 ring mail of Insecurity {Regen+ MP-9
                  | Int+3 Stlth+}
 68713 | Zot:2    | Identified the +2 great mace of the Healing Shark {heavy,
                  | MP+9 Str+2}
 69176 | Zot:3    | Reached skill level 10 in Translocations
 69349 | Zot:3    | Reached XP level 26. HP: 217/260 MP: 2/36
 69877 | Zot:3    | Reached skill level 26 in Fighting
 69885 | Zot:3    | Got the Incunable of Amalgamated Mortification
 69886 | Zot:3    | Identified the ring of Equilibrium {rElec AC+4}
 70058 | Zot:4    | Received a gift from Nemelex Xobeh
 70977 | Zot:4    | Received a gift from Nemelex Xobeh
 71387 | Zot:5    | Entered Level 5 of the Realm of Zot
 71806 | Zot:5    | Received a gift from Nemelex Xobeh
 71882 | Zot:5    | Noticed a dread lich
 71883 | Zot:5    | Noticed an orb of fire
 71965 | Zot:5    | Killed a dread lich
 71992 | Zot:5    | Noticed an orb of fire
 72008 | Zot:5    | Lost mutation: You possess an exceptional clarity of mind.
                  | [an orb of fire]
 72012 | Zot:5    | Killed an orb of fire
 72012 | Zot:5    | Noticed an ancient lich
 72029 | Zot:5    | Noticed an orb of fire
 72045 | Zot:5    | Killed an ancient lich
 72045 | Zot:5    | Gained mutation: You are weak. (Str -2) [an orb of fire]
 72060 | Zot:5    | Gained mutation: Your body sometimes deteriorates upon
                  | taking damage. [an orb of fire]
 72063 | Zot:5    | Killed an orb of fire
 72249 | Zot:5    | Gained mutation: You occasionally shout uncontrollably at
                  | your foes. [an orb of fire]
 72256 | Zot:5    | Killed an orb of fire
 72264 | Zot:5    | Noticed an orb of fire
 72276 | Zot:5    | Gained mutation: You have hidden genetic defects. [an orb
                  | of fire]
 72277 | Zot:5    | Killed an orb of fire
 72302 | Zot:5    | Noticed an orb of fire
 72314 | Zot:5    | Gained mutation: You frequently scream uncontrollably at
                  | your foes. [an orb of fire]
 72320 | Zot:5    | Noticed an orb of fire
 72321 | Zot:5    | Killed an orb of fire
 72327 | Zot:5    | Gained mutation: Your spells are a little easier to cast,
                  | but a little less powerful. [an orb of fire]
 72330 | Zot:5    | Gained mutation: You sometimes lose your temper in combat.
                  | [an orb of fire]
 72333 | Zot:5    | Killed an orb of fire
 72337 | Zot:5    | Lost mutation: You are strong-willed. (Will+) [potion of
                  | mutation]
 72337 | Zot:5    | Lost mutation: You are weak. (Str -2) [potion of mutation]
 72337 | Zot:5    | Gained mutation: You are very agile. (Dex +8, Str/Int -2)
                  | [potion of mutation]
 72338 | Zot:5    | Lost mutation: Your body sometimes deteriorates upon taking
                  | damage. [potion of mutation]
 72338 | Zot:5    | Lost mutation: You have sharp toenails. [potion of
                  | mutation]
 72338 | Zot:5    | Gained mutation: You are partially covered in iridescent
                  | scales. (AC +2) [potion of mutation]
 72338 | Zot:5    | Gained mutation: You have a pair of large horns on your
                  | head. [potion of mutation]
 72339 | Zot:5    | Lost mutation: Your spells are a little easier to cast, but
                  | a little less powerful. [potion of mutation]
 72339 | Zot:5    | Lost mutation: You are very agile. (Dex +8, Str/Int -2)
                  | [potion of mutation]
 72339 | Zot:5    | Lost mutation: You frequently scream uncontrollably at your
                  | foes. [potion of mutation]
 72339 | Zot:5    | Gained mutation: You are very agile. (Dex +8, Str/Int -2)
                  | [potion of mutation]
 72339 | Zot:5    | Lost mutation: You are partially covered in iridescent
                  | scales. (AC +2) [potion of mutation]
 72339 | Zot:5    | Gained mutation: You are robust. (+10% HP) [potion of
                  | mutation]
 72347 | Zot:5    | Noticed an orb of fire
 72355 | Zot:5    | Killed an orb of fire
 72356 | Zot:5    | Reached XP level 27. HP: 172/298 MP: 36/36
 72368 | Zot:5    | Noticed an orb of fire
 72379 | Zot:5    | Killed an orb of fire
 72650 | Zot:5    | Received a gift from Nemelex Xobeh
 72681 | Zot:5    | Gained mutation: You are dopey. (Int -2) [hidden defects]
 72708 | Zot:5    | Got the Orb of Zot
 73163 | D:10     | Noticed Qojasefu the pandemonium lord
 73189 | D:10     | Killed Qojasefu the pandemonium lord
 73190 | D:10     | Reached skill level 27 in Fighting
 73447 | D:$      | Escaped with the Orb!

Illustrated notes

Levels and vault maps discovered:
D:1:      kennysheep_arrival_forest, layout_basic
D:2:      layout_loops_ring, basic_altar, kennysheep_small_spiral,
          nicolae_kite_square_tiling_tiny, uniq_terence, uniq_jessica,
          uniq_natasha, uniq_sigmund
D:3:      layout_loops_cross
D:4:      layout_basic, nemelex_diamond_rough_becter, kennysheep_little_box,
          kennysheep_slug_shrine, minmay_mini_jars, uniq_pikel
D:5:      minmay_recursive_quarters, layout_loops_ring,
          lemuel_zombie_altar_kikubaaqudgha
D:6:      layout_cave_pools, cheibrodos_ashenzari_chains, minitemple,
          serial_shops, nicolae_shop_window_shopping,
          hangedman_decor_clover_reticule
D:7:      layout_loops_corners, minmay_temple_entry_butterflies, serial_shops,
          nicolae_shop_gaudy_bauble, hangedman_misty_isle, uniq_duvessa,
          uniq_maggie
D:8:      layout_loops_ring, general_overflow_altar, lair_entry_dummy,
          enter_bailey_8, minmay_stone_trees_small,
          dilly_guarded_unrand_elemental_staff
D:9:      layout_roguey, orc_0_dummy, serial_shops, nicolae_shop_rolling_square,
          serial_demonic, serial_demonic_d, serial_demonic_a, serial_demonic_g,
          serial_demonic_f
D:10:     layout_basic, nicolae_ru_great_annihilating_truth
D:11:     layout_grid_maze, uniq_grum, uniq_snorg, uniq_josephine
D:12:     layout_cave_pools, roderic_roman_lattice, uniq_kirke
D:13:     layout_roguey, lemuel_flamethrower_1
D:14:     layout_long_grid, david_vaults_2, serial_shops,
          nicolae_shop_tiny_waterfront, nicolae_qazlal_style_of_elements
D:15:     grunt_enter_depths_magical_seal, layout_layer_cave,
          ebering_ghost_gozag, grunt_decor_cap, dreamdust_mushroom_princess
Lair:1:   layout_layer_cave, lemuel_fruit_tree, infiniplex_staircase_pool_2,
          uniq_prince_ribbit2, uniq_nergalle, uniq_erica
Lair:2:   layout_cave_pods, nicolae_shoals_entry_roost,
          nicolae_quartered_pool_medium, forest_entry_grove, grunt_megastairs_5
Lair:3:   beast_lair_carwin_large_2, layout_regular_city,
          nicolae_spider_entry_tight_spaces
Lair:4:   layout_cave_pods, nicolae_slime_entry_slimehenge,
          kennysheep_abandoned_house
Lair:5:   minmay_lair_end_enchanted_forest, layout_gridlike, minivault_24,
          dpeg_oklob_1
Shoals:1: layout_shoals, ebering_ghost_xom, uniq_nikola
Shoals:2: layout_shoals, nicolae_shoals_this_corrosion
Shoals:3: layout_shoals, nicolae_shoals_lost_giant_baths,
          nicolae_shoals_dead_sea_scrolls, uniq_mara
Shoals:4: shoals_end_simple, layout_shoals, serial_shops, shop,
          ebering_ghost_disaster_area, nicolae_shoals_sun_and_surf
Spider:1: layout_spider_delve, uniq_roxanne, uniq_frances
Spider:2: layout_spider_delve, special_room [special_room_bee], uniq_arachne
Spider:3: layout_spider_delve, portal_ice_cave_entry_frozen_things,
          uniq_mlioglotl
Spider:4: floodkiller_spider_rune_tomb, uniq_louise
Orc:1:    layout_caves, biasface_ghost_orc_armoury, roderic_batcave
Orc:2:    grunt_orc_community_town_hall, layout_caves,
          grunt_orc_community_big_house_2, grunt_orc_community_big_house_2,
          grunt_orc_community_house_3, grunt_orc_community_house_3,
          grunt_orc_community_house_1, grunt_orc_community_house_1,
          grunt_orc_community_house_2, grunt_orc_community_house_1, uniq_donald
Elf:1:    layout_gridlike, minmay_elf_necromancy
Elf:2:    nicolae_elf_blades_splatter_lattice [nicolae_blade_lattice],
          layout_geoelf_octagon, minmay_checkered_concentric_circles
Vaults:1: nicolae_vaults_trapezoid_lopsided_4, nicolae_vaults_twisting_passages,
          v_misc_22, grunt_vaults_funnel, grunt_vaults_swirl,
          ontoclasm_vaults_chip, sword_in_stone, nicolae_vaults_prndl,
          nicolae_vaults_storage_room_water, nicolae_vaults_tetromino_L_1,
          layout_vaults_quadrants, serial_shops, shop
Vaults:2: mu_enter_wizlab_3, nicolae_vaults_little_ls, vaults_room_boxed,
          blue_anna_dwarven_crypt, v_rooms_6, ontoclasm_vaults_decontamination,
          v_misc_14, v_alt_pattern_2, nicolae_vaults_closet_pinwheel_3,
          nicolae_vaults_prndl, serial_ice_b, nicolae_vaults_hallways_thing,
          nicolae_vaults_six-pack, nicolae_vaults_security_offices_4,
          nicolae_vaults_variable_pillar_hall, layout_vaults_big_cross
Vaults:3: ontoclasm_vaults_ring_large, nicolae_vaults_tetromino_L_2,
          v_alt_pattern_3, vaults_room_grid,
          nicolae_vaults_corridor_and_loot_room,
          nicolae_vaults_doubleplus_tesselated, v_misc_9,
          nicolae_vaults_storage_room_doors, layout_vaults_ring, serial_shops,
          shop
Vaults:4: nicolae_vaults_offset_grid_hallway_1, v_misc_2,
          ontoclasm_vaults_bender, v_misc_28, v_misc_14,
          nicolae_vaults_cornered_office, nicolae_vaults_trapezoid_lopsided_2,
          vaults_mumra_minichess_inversion, layout_vaults_big_room
Vaults:5: serial_shops
Crypt:1:  layout_misc_corridors, uniq_xtahua, uniq_frederick
Crypt:2:  layout_misc_corridors
Crypt:3:  due_elkab, layout_chaotic_city, nicolae_tomb_entry_grand_gallery,
          st_burial_chamber
Depths:1: layout_forbidden_donut, grunt_pan_entry_sceptre,
          marbit_kobold_abyss_entry, minmay_misc_feat_enclosed, hell_entry,
          kennysheep_generic_room_3
Depths:2: minmay_dotted_concentric_squares, layout_gridlike,
          ebering_ghost_disaster_area, bloody_trog, pf_hell_entry_tar_spiral,
          serial_shops, bzr_entry_safe, pan_entry, serial_bayou_shore_b
Depths:3: grunt_crosshair, layout_cave_shapes, pf_hell_entry_great_geh,
          abyss_entry, infiniplex_staircase_pillars_2, serial_bayou_shore_a
Depths:4: grunt_zot_entry_gee_three, layout_honeycomb, enter_ziggurat_a,
          skrybe_limestone_x, hell_entry, grunt_ministairs_11,
          hangedman_decor_opposing
Zot:1:    layout_cathedral_of_symmetry, grunt_ministairs_10,
          nicolae_transmutations_shop
Zot:2:    layout_twisted_circle, nicolae_shop_clearance, grunt_megastairs_1,
          uniq_josephina
Zot:3:    layout_onion_interference, st_large_dragon_hoard_3
Zot:4:    layout_gridlike
Zot:5:    layout_twisted_circle

Skill      XL: |  1  2  3  4  5  6  7  8  9 10 11 12 13 14 15 16 17 18 19 20 21 22 23 24 25 26 27 |
---------------+----------------------------------------------------------------------------------+-----
Axes           | 3 5 6 7 8 10 12 14 15 16 17 18 19 20 21 22 23 24 | 24.4
Fighting       | 4 5 6 7 8 9 11 12 14 15 16 17 18 19 20 21 22 23 24 25 26 27 | 27.0
Armour         | 4 5 6 7 8 10 12 13 14 16 17 18 19 20 | 20.0
Shields        | 4 5 6 7 9 11 13 15 18 19 20 21 22 23 24 | 24.3
Invocations    | 2 3 4 6 7 9 11 12 13 14 15 16 17 18 19 20 | 20.4
Dodging        | 3 5 8 10 12 13 14 16 17 18 19 20 21 22 | 22.1
Evocations     | 2 5 |  5.0
Conjurations   | 1 |  1.0
Translocations | 7 10 12 | 12.0
Spellcasting   | 3 |  3.0

Action                     |  1- 3 |  4- 6 |  7- 9 | 10-12 | 13-15 | 16-18 | 19-21 | 22-24 | 25-27 || total
---------------------------+-------+-------+-------+-------+-------+-------+-------+-------+-------++-------
  Melee: War axe           |    31 |    74 |   126 |   388 |   347 |       |       |       |       ||   966
         Headbutt          |     3 |     5 |    46 |   205 |   317 |   386 |   383 |   721 |   466 ||  2532
         Hand axe          |       |       |   135 |   374 |       |       |       |       |       ||   509
         Broad axe         |       |       |       |       |   894 |  1322 |  1199 |  1972 |  1198 ||  6585
  Throw: Stone             |       |       |       |       |     8 |       |       |       |       ||     8
   Cast: Manifold Assault  |       |       |       |       |       |       |       |       |    12 ||    12
         Blink             |       |       |       |       |       |       |       |       |     6 ||     6
 Invoke: Draw Destruction  |       |       |       |    10 |    20 |    17 |     4 |     4 |     8 ||    63
         Draw Summoning    |       |       |       |     1 |     2 |     5 |     1 |       |       ||     9
         Draw Stack        |       |       |       |       |     5 |       |       |       |       ||     5
         Draw Escape       |       |       |       |       |     1 |     4 |       |       |     3 ||     8
         Stack Five        |       |       |       |       |     1 |       |       |       |       ||     1
         Deal Four         |       |       |       |       |       |     5 |     2 |     7 |     3 ||    17
         Triple Draw       |       |       |       |       |       |     4 |     3 |       |       ||     7
  Evoke: Wand              |       |       |       |       |     1 |     4 |     5 |       |     1 ||    11
         Phial of floods   |       |       |       |       |       |       |       |     1 |       ||     1
    Use: Potion            |       |       |       |     2 |     3 |    11 |     5 |    14 |    10 ||    45
         Scroll            |       |       |       |    13 |    24 |    15 |     8 |       |     5 ||    65
   Stab: Paralysed         |       |       |       |     1 |       |       |       |       |       ||     1
         Petrified         |       |       |       |       |    18 |       |       |       |       ||    18
         Petrifying        |       |       |       |       |     2 |       |       |       |       ||     2
         Sleeping          |       |       |       |       |       |     9 |       |     3 |     1 ||    13
         Invisible         |       |       |       |       |       |     3 |       |       |       ||     3
         Distracted        |       |       |       |       |       |     1 |       |     1 |       ||     2
         Confused          |       |       |       |       |       |       |       |       |     4 ||     4
 Armour: Scale mail        |     7 |     7 |       |       |       |       |       |       |       ||    14
         Ring mail         |       |    30 |    99 |   251 |   120 |   109 |       |       |       ||   609
         Chain mail        |       |       |       |       |    77 |       |       |       |       ||    77
         Storm dragon scal |       |       |       |       |   295 |   321 |   309 |   312 |   217 ||  1454
  Dodge: Dodged            |    18 |    41 |   121 |   362 |   497 |   759 |   512 |   625 |   600 ||  3535
  Block: Buckler           |     8 |    17 |    49 |   158 |    93 |    97 |     2 |       |       ||   424
         Kite shield       |       |       |       |       |   430 |   553 |       |       |       ||   983
         Tower shield      |       |       |       |       |       |   145 |  1356 |  2003 |  1215 ||  4719
